 Dungeon Crawl Stone Soup version 0.17-a0-870-gcb215c1 (webtiles) character file.

112 guppy the Skirmisher (level 4, 0/41 HPs)
             Began as a Draconian Berserker on Apr 29, 2015.
             Was a Believer of Trog.
             Killed from afar by Sigmund (2 damage)
             ... with a magic dart
             ... on level 3 of the Dungeon.
             The game lasted 00:15:28 (1624 turns).

guppy the Skirmisher (Draconian Berserker)          Turns: 1624, Time: 00:15:28

Health: 0/41       AC:  9    Str: 20    XL:     4   Next: 63%
Magic:  4/4        EV: 13    Int:  7    God:    Trog [**....]
Gold:   85         SH:  0    Dex: 11    Spells: 0 memorised, 3 levels left

rFire  . . .     SeeInvis .     a - +0 spear
rCold  . . .     Clarity  .     (armour unavailable)
rNeg   . . .     SustAb   .     (no shield)
rPois  .         Gourm    .     (helmet restricted)
rElec  .         Spirit   .     v - +2 cloak
rCorr  .         Warding  .     (no gloves)
rMut   .         Stasis   .     F - +0 pair of boots
MR     .....                    (no amulet)
Stlth  +.........               (no ring)
                                (no ring)

@: confused, not resistant to hostile enchantments, very unstealthy
A: unfitting armour, cold-blooded, AC +5
a: Burn Spellbooks, Berserk, Trog's Hand, Renounce Religion


You were on level 3 of the Dungeon.
You worshipped Trog.
Trog was pleased with you.
You were not hungry.

You visited 1 branch of the dungeon, and saw 3 of its levels.

You collected 85 gold pieces.

Inventory:

Hand weapons
 a - a +0 spear (weapon)
 d - a +0 club
 f - a +0 short sword
 g - a +0 dagger
 j - a +0 club
 l - a +0 whip
 m - a +0 dagger
 p - a +0 hand axe
 q - a +0 club
 u - a +0 short sword
 z - a +0 club
 A - a +0 club
Missiles
 i - 135 stones (quivered)
 n - 32 arrows
 o - 45 bolts
 B - 7 arrows of frost
Armour
 k - a +0 scale mail
 r - a +0 ring mail
 s - a +0 robe
 v - a +2 cloak (worn)
 F - a +0 pair of boots (worn)
 G - a +0 robe
Jewellery
 y - an uncursed ring of loudness
Magical devices
 e - a wand of random effects (42)
 h - a wand of fireball (8)
Scrolls
 x - 2 scrolls of magic mapping
Potions
 c - a potion of curing {unknown}
 t - 2 potions of heal wounds {unknown}
 C - a potion of invisibility {unknown}
 E - a potion of flight {unknown}
Comestibles
 b - 2 bread rations
 w - 3 fruits
 D - 12 chunks of flesh


   Skills:
 + Level 4.3 Fighting
 + Level 3.7 Polearms
 + Level 3.8 Dodging


You had 3 spell levels left.
You didn't know any spells.

Dungeon Overview and Level Annotations

Branches:
Dungeon (3/15)

Altars:
Fedhas
Qazlal
Vehumet

Annotations:
D:3 Sigmund


Innate Abilities, Weirdness & Mutations

Your plain brown scales are hard (AC +5).
Your body does not fit into most forms of armour.
You are cold-blooded and may be slowed by cold attacks.


Message History

You miss something. Something hits you but does no damage.
Autopickup is now on.
Deactivating autopickup; reactivate with Ctrl-A.
You miss something. You tail-slap something. Something hits you.
* * * LOW HITPOINT WARNING * * *
Something freezes you.
* * * LOW HITPOINT WARNING * * *
A puff of flame appears from out of thin air!
The puff of flame hits you!
* * * LOW HITPOINT WARNING * * *
Throwing (i - inventory):
i - 136 stones (quivered)
Press: ? - help, Shift-Dir - straight line You throw a stone.
You hear some strange, mumbled words.
You are confused.
A kobold comes into view.
Something tries to affect you, but you resist.
A magic dart appears from out of thin air!
The magic dart hits you!
You die...

#. #. #. ## #.
#.....###.#######.#
.......... .......
#.#.......##......#
#.#.######..K######
#.#.#....@.....(..#..#.
#.#.#.####.!..†((...((.
#.#.#.# #...####.#....
#.#.#.# #...#
#######.#.#.# #...#
#.........#.# #...####
#.........#.# ####...#
##.........#.#######...#
.......................#


You could see a kobold.

Vanquished Creatures
  Jessica (D:2)
  4 adders
  4 giant geckos
  4 bats
  3 giant cockroaches
  4 hobgoblins
  9 jackals
  7 kobolds
  2 giant newts
  5 rats
  A plant (D:1)
44 creatures vanquished.

Notes
Turn   | Place    | Note
--------------------------------------------------------------
     0 | D:1      | guppy, the Draconian Berserker, began the quest for the Orb.
     0 | D:1      | Reached XP level 1. HP: 19/19 MP: 1/1
   160 | D:1      | Reached XP level 2. HP: 13/27 MP: 2/2
   656 | D:1      | You fall through a shaft!
   731 | D:2      | Noticed Jessica
   743 | D:2      | Killed Jessica
   743 | D:2      | Reached skill level 4 in Fighting
   743 | D:2      | Reached XP level 3. HP: 30/33 MP: 3/3
   754 | D:2      | Acquired Trog's second power
   837 | D:2      | Found a stormy altar of Qazlal.
   990 | D:2      | Found a radiant altar of Vehumet.
  1092 | D:2      | Found a blossoming altar of Fedhas.
  1099 | D:2      | Reached XP level 4. HP: 33/40 MP: 4/4
  1597 | D:3      | Noticed Sigmund
  1620 | D:3      | HP: 2/41 [something/puff of flame (6)]
  1624 | D:3      | Killed from afar by Sigmund

Action                   |  1- 3 |  4- 6 || total
-------------------------+-------+-------++-------
Melee: Spear             |   182 |    79 ||   261
Throw: Stone             |       |     9 ||     9
  Use: Scroll            |     3 |     1 ||     4
 Stab: Sleeping          |     1 |       ||     1
  Eat: Chunk             |     1 |     1 ||     2
       Fruit             |       |     2 ||     2
       Pizza             |       |     1 ||     1
